Workbook
Name aa: '[2]1993'!$A$1:$IV$3,'[2]1993'!$A$1:$A$65536
Name ad: '[3]МТР Газ України'!$B$1
Name as: '[4]МТР Газ України'!$B$1
Name asdf: [5]Inform!$E$6
Name asdfg: [5]Inform!$F$2
Name BuiltIn_Print_Area___1___1: #REF!
Name ClDate: [6]Inform!$E$6
Name ClDate_21: [7]Inform!$E$6
Name ClDate_25: [7]Inform!$E$6
Name ClDate_6: [8]Inform!$E$6
Name CompName: [6]Inform!$F$2
Name CompName_21: [7]Inform!$F$2
Name CompName_25: [7]Inform!$F$2
Name CompName_6: [8]Inform!$F$2
Name CompNameE: [6]Inform!$G$2
Name CompNameE_21: [7]Inform!$G$2
Name CompNameE_25: [7]Inform!$G$2
Name CompNameE_6: [8]Inform!$G$2
Name Cost_Category_National_ID: #REF!
Name Cе511: #REF!
Name d: '[9]МТР Газ України'!$B$4
Name dCPIb: [10]попер_роз!#REF!
Name dPPIb: [10]попер_роз!#REF!
Name ds: '[11]7 Інші витрати'!#REF!
Name Fact_Type_ID: #REF!
Name G: '[12]МТР Газ України'!$B$1
Name ij1sssss: '[13]7 Інші витрати'!#REF!
Name LastItem: [14]Лист1!$A$1
Name Load: '[15]МТР Газ України'!$B$4
Name Load_ID: '[16]МТР Газ України'!$B$4
Name Load_ID_10: '[17]7 Інші витрати'!#REF!
Name Load_ID_11: '[18]МТР Газ України'!$B$4
Name Load_ID_12: '[18]МТР Газ України'!$B$4
Name Load_ID_13: '[18]МТР Газ України'!$B$4
Name Load_ID_14: '[18]МТР Газ України'!$B$4
Name Load_ID_15: '[18]МТР Газ України'!$B$4
Name Load_ID_16: '[18]МТР Газ України'!$B$4
Name Load_ID_17: '[18]МТР Газ України'!$B$4
Name Load_ID_18: '[19]МТР Газ України'!$B$4
Name Load_ID_19: '[20]МТР Газ України'!$B$4
Name Load_ID_20: '[19]МТР Газ України'!$B$4
Name Load_ID_200: '[15]МТР Газ України'!$B$4
Name Load_ID_21: '[21]МТР Газ України'!$B$4
Name Load_ID_23: '[20]МТР Газ України'!$B$4
Name Load_ID_25: '[21]МТР Газ України'!$B$4
Name Load_ID_542: '[22]МТР Газ України'!$B$4
Name Load_ID_6: '[18]МТР Газ України'!$B$4
Name OpDate: [6]Inform!$E$5
Name OpDate_21: [7]Inform!$E$5
Name OpDate_25: [7]Inform!$E$5
Name OpDate_6: [8]Inform!$E$5
Name QR: [23]Inform!$E$5
Name qw: [5]Inform!$E$5
Name qwert: [5]Inform!$G$2
Name qwerty: '[4]МТР Газ України'!$B$4
Name ShowFil: [14]!ShowFil
Name SU_ID: #REF!
Name Time_ID: '[16]МТР Газ України'!$B$1
Name Time_ID_10: '[17]7 Інші витрати'!#REF!
Name Time_ID_11: '[18]МТР Газ України'!$B$1

Sheet Осн. фін. пок.
G1: Додаток 1
G2: до Порядку складання, затвердження
A3: Управління комунального господарства Коломийської міської ради | G3: та контролю виконання фінансового плану
A4: (найменування органу, який розглянув фінансовий план) | G4: суб'єкта господарювання державного сектору економіки
A5: Начальник А.П.Радовець | G5: (пункт 2)
A7: М.П.(посада П.І.Б., дата, підпис)
G9: ЗАТВЕРДЖЕНО
G10: Рішення міської ради
G11: від 30.08.2021 р. № 1058-18/2021
G12: Міський голова Богдан Станіславський
G16: М. П. (посада, П.І.Б., дата, підпис)
I20: Рік | J20: Коди
A21: Підприємство | B21: КОМУНАЛЬНЕ ПІДПРИЄМСТВО "ЗЕЛЕНОСВІТ" | I21: за ЄДРПОУ | J21: 33932580
A22: Організаційно-правова форма | B22: комунальне підприємство | I22: за КОПФГ | J22: 150
A23: Територія | B23: м.Коломия | I23: за КОАТУУ | J23: 2610600000
A24: Орган державного управління | I24: за СПОДУ
A25: Галузь | B25: житлово комунальне господарство | I25: за ЗКГНГ
A26: Вид економічної діяльності | B26: комплексне обслуговування обєктів | I26: за КВЕД | J26: 81.10
A27: Одиниця виміру, тис. грн | G27: Стандарти звітності П(с)БОУ
A28: Форма власності | B28: комунальна | G28: Стандарти звітності МСФЗ
A29: Середньооблікова кількість штатних працівників | J29: 65.25
A30: Місцезнаходження | B30: 78200, місто Коломия, вулиця Староміська, 5а
A31: Телефон | B31: (033 34) 4-63-85
A32: Прізвище та ініціали керівника | B32: Михайлищук Василь Михайлович
A33: ФІНАНСОВИЙ ПЛАН КП " ЗЕЛЕНОСВІТ" НА 2022 рік
A35: Основні фінансові показники
J36: тис.грн
A37: Найменування показника | B37: Код рядка | C37: Факт минулого року (2020 рік) | D37: Фінансовий план поточного року (2021 рік) | E37: Прогноз на поточний рік (2021 рік) | F37: Плановий рік (2022 рік) | G37: Інформація згідно із стратегічним планом розвитку (не на 4 квартали, а на 4 роки, якщо у вас відсутній стратегічний план не заповнюється)
G38: плановий рік 2023 рік | H38: плановий рік 2024 рік | I38: плановий рік 2025 рік | J38: плановий рік 2026 рік
A39: 1 | B39: 2 | C39: 3 | D39: 4 | E39: 5 | F39: 6 | G39: 7 | H39: 8 | I39: 9 | J39: 10
A40: І. Формування фінансових результатів
A41: Чистий дохід від реалізації продукції (товарів, робіт, послуг) | B41: 1000 | C41: ='I. Фін результат'!C7 -> 13722.6 | D41: ='I. Фін результат'!D7 -> 13152 | E41: ='I. Фін результат'!E7 -> 13788 | F41: ='I. Фін результат'!F7 -> 15856
A42: Собівартість реалізованої продукції (товарів, робіт, послуг) | B42: 1010 | C42: ='I. Фін результат'!C8 -> -10614.1 | D42: ='I. Фін результат'!D8 -> -13152 | E42: ='I. Фін результат'!E8 -> -13788.241 | F42: ='I. Фін результат'!F8 -> -15856
A43: Валовий прибуток/збиток | B43: 1020 | C43: =SUM(C41:C42) -> 3108.5 | D43: =SUM(D41:D42) -> 0 | F43: =SUM(F41:F42) -> 0
A44: Адміністративні витрати | B44: 1030 | C44: ='I. Фін результат'!C26 -> -2461 | D44: -2795 | E44: -2795 | F44: ='I. Фін результат'!F26 -> -2968
A45: Витрати на збут | B45: 1060 | C45: ='I. Фін результат'!C49 -> 0 | D45: ='I. Фін результат'!D49 -> 0 | E45: ='I. Фін результат'!E49 -> 0 | F45: ='I. Фін результат'!F49 -> 0
A46: Інші операційні доходи | B46: 1070 | C46: ='I. Фін результат'!C57 -> 0 | D46: ='I. Фін результат'!D57 -> 2900 | E46: ='I. Фін результат'!E57 -> 2900 | F46: ='I. Фін результат'!F57 -> 3100
A47: Інші операційні витрати | B47: 1080 | C47: ='I. Фін результат'!C62 -> -96.5 | D47: ='I. Фін результат'!D62 -> 0 | F47: ='I. Фін результат'!F62 -> 0
A48: Фінансовий результат від операційної діяльності | B48: 1100 | C48: =SUM(C43:C47) -> 551 | D48: =SUM(D43:D47) -> 105 | E48: =SUM(E43:E47) -> 105 | F48: =F46+F44 -> 132
A49: EBITDA | B49: 1310 | C49: ='I. Фін результат'!C99 -> 745.1 | D49: ='I. Фін результат'!D99 -> 303 | E49: ='I. Фін результат'!E99 -> 302.7592 | F49: ='I. Фін результат'!F99 -> 344
A50: Рентабельність EBITDA | B50: =' V. Коефіцієнти'!B8 -> 5010 | C50: =(C49/C41)*100 -> 5.4297291 | D50: =(D49/D41)*100 -> 2.3038321 | E50: =(E49/E41)*100 -> 2.1958167 | F50: =(F49/F41)*100 -> 2.1695257
A51: Дохід від участі в капіталі | B51: 1110 | C51: ='I. Фін результат'!C70 -> 0 | D51: ='I. Фін результат'!D70 -> 0 | E51: ='I. Фін результат'!E70 -> 0 | F51: ='I. Фін результат'!F70 -> 0
A52: Втрати від участі в капіталі | B52: 1120 | C52: ='I. Фін результат'!C71 -> ( ) | D52: ='I. Фін результат'!D71 -> ( ) | E52: ='I. Фін результат'!E71 -> ( ) | F52: ='I. Фін результат'!F71 -> 0
A53: Інші фінансові доходи | B53: 1130 | C53: ='I. Фін результат'!C72 -> 0 | D53: ='I. Фін результат'!D72 -> 0 | E53: ='I. Фін результат'!E72 -> 0 | F53: ='I. Фін результат'!F72 -> 0
A54: Фінансові витрати | B54: 1140 | C54: ='I. Фін результат'!C73 -> ( ) | D54: ='I. Фін результат'!D73 -> ( ) | E54: ='I. Фін результат'!E73 -> ( ) | F54: ='I. Фін результат'!F73 -> 0
A55: Інші доходи | B55: 1150 | C55: ='I. Фін результат'!C74 -> 0 | D55: ='I. Фін результат'!D74 -> 0 | E55: ='I. Фін результат'!E74 -> 0 | F55: ='I. Фін результат'!F74 -> 0
A56: Інші витрати розшифрувати (амортизація) | B56: 1160 | C56: ='I. Фін результат'!C77 -> -480.3 | D56: ='I. Фін результат'!D77 -> 0 | E56: ='I. Фін результат'!E77 -> 0 | F56: ='I. Фін результат'!F77 -> 0
A57: Фінансовий результат до оподаткування | B57: 1170 | C57: =SUM(C48, C51:C56) -> 70.7 | D57: =SUM(D48, D51:D56) -> 105 | E57: =SUM(E48, E51:E56) -> 105 | F57: =F48 -> 132
A58: Витрати з податку на прибуток | B58: 1180 | C58: =(-C57*18%) -> -12.726 | D58: =(-D57*18%) -> -18.9 | E58: =(-E57*18%) -> -18.9 | F58: =(-F57*18%) -> -23.76
A59: Дохід з податку на прибуток | B59: 1181 | C59: ='I. Фін результат'!C82 -> 0 | D59: ='I. Фін результат'!D82 -> 0 | E59: ='I. Фін результат'!E82 -> 0 | F59: ='I. Фін результат'!F82 -> 0
A60: Частина чистого прибутку комунальних підприємств що підлягає сплаті | B60: 1182 | C60: =(-C57*15%) -> -10.605 | D60: =(-D57*15%) -> -15.75 | E60: =(-E57*15%) -> -15.75 | F60: =(-F57*15%) -> -19.8
A61: Прибуток від припиненої діяльності після оподаткування | B61: 1190 | C61: ='I. Фін результат'!C84 -> 0 | D61: ='I. Фін результат'!D84 -> 0 | E61: ='I. Фін результат'!E84 -> 0 | F61: ='I. Фін результат'!F84 -> 0
A62: Збиток від припиненої діяльності після оподаткування | B62: 1191 | C62: ='I. Фін результат'!C85 -> ( ) | D62: ='I. Фін результат'!D85 -> ( ) | E62: ='I. Фін результат'!E85 -> ( ) | F62: ='I. Фін результат'!F85 -> 0
A63: Чистий фінансовий результат це прибуток чи збиток зазначити | B63: 1200 | C63: =SUM(C57:C62) -> 47.369 | D63: =SUM(D57:D62) -> 70.35 | E63: =SUM(E57:E62) -> 70.35 | F63: =F57+F58+F60 -> 88.44
A64: IІ. Розрахунки з бюджетом
A65: Сплата податків та зборів до Державного бюджету України (податкові платежі), усього, у тому числі: | B65: 2110 | C65: ='ІІ. Розр. з бюджетом'!C20 -> 3198.1 | D65: =D66+D67+D72 -> 2693.9 | E65: =E66+E67+E72 -> 2693.9 | F65: ='ІІ. Розр. з бюджетом'!F20 -> 3179.725
A66: податок на прибуток підприємств | B66: 2111 | C66: ='ІІ. Розр. з бюджетом'!C21 -> 12.7 | D66: ='ІІ. Розр. з бюджетом'!D21 -> 18.9 | E66: ='ІІ. Розр. з бюджетом'!E21 -> 18.9 | F66: ='ІІ. Розр. з бюджетом'!F21 -> 23.76
A67: податок на додану вартість, що підлягає сплаті до бюджету за підсумками звітного періоду | B67: 2112 | C67: ='ІІ. Розр. з бюджетом'!C22 -> 3083.5 | D67: ='ІІ. Розр. з бюджетом'!D22 -> 2675 | E67: ='ІІ. Розр. з бюджетом'!E22 -> 2675 | F67: ='ІІ. Розр. з бюджетом'!F22 -> 3155.965
A68: податок на додану вартість, що підлягає відшкодуванню з бюджету за підсумками звітного періоду | B68: 2113 | C68: ='ІІ. Розр. з бюджетом'!C23 -> 0 | D68: ='ІІ. Розр. з бюджетом'!D23 -> 0 | E68: ='ІІ. Розр. з бюджетом'!E23 -> 0 | F68: ='ІІ. Розр. з бюджетом'!F23 -> 0
A69: акцизний податок | B69: 2114 | C69: ='ІІ. Розр. з бюджетом'!C24 -> 0 | D69: ='ІІ. Розр. з бюджетом'!D24 -> 0 | E69: ='ІІ. Розр. з бюджетом'!E24 -> 0 | F69: ='ІІ. Розр. з бюджетом'!F24 -> 0
A70: відрахування частини чистого прибутку державними унітарними підприємствами та їх об'єднаннями | B70: 2115 | C70: ='ІІ. Розр. з бюджетом'!C25 -> 0 | D70: ='ІІ. Розр. з бюджетом'!D25 -> 0 | E70: ='ІІ. Розр. з бюджетом'!E25 -> 0 | F70: ='ІІ. Розр. з бюджетом'!F25 -> 0
A71: рентна плата за транспортування | B71: 2116 | C71: ='ІІ. Розр. з бюджетом'!C26 -> 0 | D71: ='ІІ. Розр. з бюджетом'!D26 -> 0 | E71: ='ІІ. Розр. з бюджетом'!E26 -> 0 | F71: ='ІІ. Розр. з бюджетом'!F26 -> 0
A72: рентна плата за користування надрами | B72: 2117 | C72: ='ІІ. Розр. з бюджетом'!C27 -> 0 | D72: ='ІІ. Розр. з бюджетом'!D27 -> 0 | E72: ='ІІ. Розр. з бюджетом'!E27 -> 0 | F72: ='ІІ. Розр. з бюджетом'!F27 -> 0
A73: інші податки та збори (розшифрувати) (військ.) | B73: 2119 | C73: ='ІІ. Розр. з бюджетом'!C29 -> 101.9
A74: Сплата податків та зборів до місцевих бюджетів (податкові платежі), в тому числі розписати | B74: 2120 | C74: ='ІІ. Розр. з бюджетом'!C30 -> 1252 | D74: ='ІІ. Розр. з бюджетом'!D30 -> 1640 | E74: =D74 -> 1640 | F74: ='ІІ. Розр. з бюджетом'!F30 -> 1954.7
A75: Інші податки, збори та платежі на користь держави, усього, у тому числі: | B75: 2130 | C75: ='ІІ. Розр. з бюджетом'!C35 -> 1538 | D75: ='ІІ. Розр. з бюджетом'!D35 -> 1684 | E75: =D75 -> 1684 | F75: ='ІІ. Розр. з бюджетом'!F35 -> 2002.64
A76: відрахування частини чистого прибутку господарськими товариствами, у статутному капіталі яких більше 50 відсотків акцій (часток, паїв) належать державі, на виплату дивідендів на державну частку | B76: 2131 | C76: ='ІІ. Розр. з бюджетом'!C36 -> 0 | D76: ='ІІ. Розр. з бюджетом'!D36 -> 0 | E76: ='ІІ. Розр. з бюджетом'!E36 -> 0 | F76: ='ІІ. Розр. з бюджетом'!F36 -> 0
A77: Усього виплат | B77: 2200
A78: IІІ. Капітальні інвестиції
A79: Капітальні інвестиції | B79: 4000 | C79: ='IV. Кап. інвестиції'!C6 -> 7.6 | D79: ='IV. Кап. інвестиції'!D6 -> 150 | E79: =(C79*8.9%)+C79 -> 8.2764 | F79: ='IV. Кап. інвестиції'!F6 -> 150
A80: ІV. Коефіцієнтний аналіз
A81: Рентабельність діяльності (чистий фінансовий результат, рядок 1200 / чистий дохід від реалізації продукції (товарів, робіт, послуг), рядок 1000) х 100, % | B81: 5010 | C81: =C63/C41*100% -> 0.0034518969 | D81: =D63/D41*100% -> 0.0053489964 | E81: =E63/E41*100% -> 0.0051022628 | F81: =F63/F41*100% -> 0.0055776993
A82: Рентабельність активів (чистий фінансовий результат, рядок 1200 / вартість активів, рядок 6020) х 100, % | B82: 5020 | C82: =C63/C96*100% -> 0.0062226922 | D82: =D63/D96*100% -> 0.0090096436 | E82: =E63/E96*100% -> 0.0092464808 | F82: =F63/F96*100% -> 0.012809965
A83: Рентабельність власного капіталу (чистий фінансовий результат, рядок 1200 / власний капітал, рядок 6080) х 100, % | B83: 5030 | C83: =C63/C104*100% -> 0.0069912184 | D83: =D63/D104*100% -> 0.010382998 | E83: =E63/E104*100% -> 0.010382998 | F83: =F63/F104*100% -> 0.013052911
A84: Рентабельність EBITDA (EBITDA, рядок 1310 / чистий дохід від реалізації продукції (товарів, робіт, послуг), рядок 1000) х 100, % | B84: 5040 | C84: =C49/C41*100% -> 0.054297291 | D84: =D49/D41*100% -> 0.023038321 | E84: =E49/E41*100% -> 0.021958167 | F84: =F49/F41*100% -> 0.021695257
A85: Коефіцієнт фінансової стійкості (власний капітал, рядок 6080 / (довгострокові зобов’язання, рядок 6030 + поточні зобов’язання, рядок 6040)) | B85: 5050 | C85: - | D85: - | E85: - | F85: -
A86: Коефіцієнт зносу основних засобів (сума зносу, рядок 6003 / первісна вартість основних засобів, рядок 6002) | B86: 5060 | C86: =C91/C90 -> -0.67727173 | D86: =D91/D90 -> -0.65476443 | E86: =E91/E90 -> -0.67873618 | F86: =F91/F90 -> -0.65970898
A87: V. Звіт про фінансовий стан
A88: Необоротні активи, усього, у тому числі: | B88: 6000
A89: основні засоби | B89: 6001 | C89: 881.5 | D89: =881.5+100 -> 981.5 | E89: 881.5 | F89: =C89+100 -> 981.5
A90: первісна вартість | B90: 6002 | C90: 2731.4 | D90: =2731.4+100 -> 2831.4 | E90: 2731.4 | F90: =C90+100 -> 2831.4
A91: знос | B91: 6003 | C91: -1849.9 | D91: -1853.9 | E91: -1853.9 | F91: =C91-18 -> -1867.9
A92: Оборотні активи, усього, у тому числі: | B92: 6010
A93: дебіторська заборгованість за продукцію, товари, роботи, послуги | B93: 6011 | C93: 4477.4 | D93: 4477.4 | E93: 4477.4 | F93: =C93 -> 4477.4
A94: дебіторська заборгованість за розрахунками з бюджетом | B94: 6012 | C94: 481.6 | D94: 481.6 | E94: 481.6 | F94: =C94 -> 481.6
A95: гроші та їх еквіваленти | B95: 6013 | C95: 890.3 | D95: 890.3 | E95: 890.3 | F95: 0
A96: Усього активи | B96: 6020 | C96: =C88+C89+C90+C91+C92+C93+C94+C95 -> 7612.3 | D96: =D88+D89+D90+D91+D92+D93+D94+D95 -> 7808.3 | E96: =E88+E89+E90+E91+E92+E93+E94+E95 -> 7608.3 | F96: =F88+F89+F90+F91+F92+F93+F94+F95 -> 6904
A97: Довгострокові зобов’язання і забезпечення | B97: 6030
A98: Поточні зобов’язання і забезпечення, у тому числі: | B98: 6040 | C98: =C99+C100 -> 73.2 | D98: =C98 -> 73.2 | E98: =C98 -> 73.2 | F98: =F99+F100 -> 75.1
A99: поточна кредиторська заборгованість за товари, роботи, послуги | B99: 6041 | C99: 12.9 | D99: =C99 -> 12.9 | E99: =C99 -> 12.9 | F99: 14.8
A100: поточна кредиторська заборгованість за розрахунками з бюджетом | B100: 6042 | C100: 60.3 | D100: =C100 -> 60.3 | E100: =C100 -> 60.3 | F100: =C100 -> 60.3
A101: Усього зобов’язання і забезпечення, у тому числі: | B101: 6050
A102: державні гранти і субсидії | B102: 6060
A103: фінансові запозичення | B103: 6070
A104: Власний капітал | B104: 6080 | C104: 6775.5 | D104: 6775.5 | E104: 6775.5 | F104: 6775.5
A105: VI. Кредитна політика
A106: Отримано залучених коштів, усього, у тому числі: | B106: 7000 | C106: =SUM(C107:C109) -> 0 | D106: =SUM(D107:D109) -> 0 | E106: =SUM(E107:E109) -> 0 | F106: =SUM(F107:F109) -> 0 | G106: =SUM(G107:G109) -> 0 | H106: =SUM(H107:H109) -> 0 | I106: =SUM(I107:I109) -> 0 | J106: =SUM(J107:J109) -> 0
A107: довгострокові зобов'язання | B107: 7001 | F107: ='6.1. Інша інфо_1'!G67 -> 0
A108: короткострокові зобов'язання | B108: 7002 | F108: ='6.1. Інша інфо_1'!G70 -> 0
A109: інші фінансові зобов'язання | B109: 7003 | F109: ='6.1. Інша інфо_1'!G73 -> 0
...

Sheet I. Фін результат
A1: I. Формування фінансових результатів
K2: тис.грн
A3: Найменування показника | B3: Код рядка | C3: Факт минулого року 2020р | D3: Фінансовий план поточного року 2021р | E3: Прогноз на поточний рік 2021р | F3: Плановий рік (усього)2022р | G3: У тому числі за кварталами | K3: Пояснення та обґрунтування до запланованого рівня доходів/витрат
G4: І | H4: ІІ | I4: ІІІ | J4: ІV
A5: 1 | B5: 2 | C5: 3 | D5: 4 | E5: 5 | F5: 6 | G5: 7 | H5: 8 | I5: 9 | J5: 10 | K5: 11
A6: Доходи і витрати (деталізація)
A7: Дохід від реалізації продукції (товарів, робіт, послуг)цільове фінансування | B7: 1000 | C7: 13722.6 | D7: 13152 | E7: 13788 | F7: 15856 | G7: =F7/4 -> 3964 | H7: =F7/4 -> 3964 | I7: =F7/4 -> 3964 | J7: =F7/4 -> 3964
A8: Собівартість реалізованої продукції (товарів, робіт, послуг) | B8: 1010 | C8: -10614.1 | D8: -13152 | E8: =E10+E11+E12+E13+E14+E15+E18 -> -13788.241 | F8: -15856 | G8: =F8/4 -> -3964 | H8: =F8/4 -> -3964 | I8: =F8/4 -> -3964 | J8: =F8/4 -> -3964
A9: Витрати на сировину та основні матеріали: | B9: 1011 | C9: =-(2901.9+1.7) -> -2903.6 | D9: -3320 | E9: =E10+E11 -> -3020.5008 | F9: -3181 | G9: =F9/4 -> -795.25 | H9: =F9/4 -> -795.25 | I9: =F9/4 -> -795.25 | J9: =F9/4 -> -795.25
A10: матеріали зовнішнього освітлення(світильники, лампи, патрони, кронштейни, кабеля, опори та інш.) | B10: 1011.1 | C10: -1830 | D10: -1800 | E10: =D10*5%+D10 -> -1890 | F10: =E10*5.3%+E10 -> -1990.17 | G10: =F10/4 -> -497.5425 | H10: =F10/4 -> -497.5425 | I10: =F10/4 -> -497.5425 | J10: =F10/4 -> -497.5425
A11: матеріали для озеленення( придбання садженців дерев та квітів,придбання отрутохімікатів,придбання піску, щебеню, земляної крихти,перевезення працівниів,віники рукавиці відра мотокоси пили електроди та інші матеріали) | B11: 1011.2 | C11: =C9-C10 -> -1073.6 | D11: -1520 | E11: =C11*5.3%+C11 -> -1130.5008 | F11: =E11*5.3%+E11 -> -1190.4173 | G11: =F11/4 -> -297.60434 | H11: =F11/4 -> -297.60434 | I11: =F11/4 -> -297.60434 | J11: =F11/4 -> -297.60434
A12: Витрати на паливо | B12: 1012 | C12: -1547.8 | D12: -1250 | E12: -1625.4 | F12: =C12*1.1798 -> -1826.0944 | G12: =F12/4 -> -456.52361 | H12: =F12/4 -> -456.52361 | I12: =F12/4 -> -456.52361 | J12: =F12/4 -> -456.52361
A13: Витрати на електроенергію | B13: 1013 | C13: -110 | D13: -50 | E13: -110 | F13: =C13*1.1798 -> -129.778 | G13: =F13/4 -> -32.4445 | H13: =F13/4 -> -32.4445 | I13: =F13/4 -> -32.4445 | J13: =F13/4 -> -32.4445
A14: Витрати на оплату праці | B14: 1014 | C14: -6671.6 | D14: -6800 | E14: -7197 | F14: -8311 | G14: =F14/4 -> -2077.75 | H14: =F14/4 -> -2077.75 | I14: =F14/4 -> -2077.75 | J14: =F14/4 -> -2077.75
A15: Відрахування на соціальні заходи | B15: 1015 | C15: -1354.2 | D15: -1480 | E15: =E14*22% -> -1583.34 | F15: =F14*22% -> -1828.42 | G15: =F15/4 -> -457.105 | H15: =F15/4 -> -457.105 | I15: =F15/4 -> -457.105 | J15: =F15/4 -> -457.105
A16: Витрати, що здійснюються для підтримання об’єкта в робочому стані (проведення ремонту, технічного огляду, нагляду, обслуговування тощо) | B16: 1016 | F16: =C16*1.1798 -> 0 | G16: =F16/4 -> 0
A17: Амортизація основних засобів і нематеріальних активів | B17: 1017 | C17: -194.1 | F17: -194 | G17: =F17/4 -> -48.5 | H17: -48.5 | I17: -48.5 | J17: -48.5
A18: Інші витрати (розшифрувати)(оренда обладн., охорона прим.) | B18: 1018 | C18: =C19+C20+C21+C22+C23+C24 -> -288 | D18: =D19+D20+D21+D22+D23+D24 -> -252 | E18: =E19+E20+E21+E22+E23+E24 -> -252 | F18: =F19+F20+F21+F22+F23+F24 -> -386.1428 | G18: =F18/4 -> -96.5357 | H18: =F18/4 -> -96.5357 | I18: =F18/4 -> -96.5357 | J18: -96.5357
A19: спец одяг | B19: 1018.1 | C19: -80 | D19: -35 | E19: -35 | F19: =C19*1.1798 -> -94.384 | G19: =F19/4 -> -23.596 | H19: =F19/4 -> -23.596 | I19: =F19/4 -> -23.596 | J19: =F19/4 -> -23.596
A20: запчастини до техніи | B20: 1018.2 | C20: -147 | D20: -95 | E20: -95 | F20: =C20*5.3%+C20 -> -154.791 | G20: =F20/4 -> -38.69775 | H20: =F20/4 -> -38.69775 | I20: =F20/4 -> -38.69775 | J20: =F20/4 -> -38.69775
A21: програмне забезпечення | B21: 1018.3 | C21: -6.1 | D21: -50 | E21: -50 | F21: =C21*1.1798 -> -7.19678 | G21: =F21/4 -> -1.799195 | H21: =F21/4 -> -1.799195 | I21: =F21/4 -> -1.799195 | J21: =F21/4 -> -1.799195
A22: оренда кранів та машин | B22: 1018.4 | D22: -50 | E22: -50 | F22: -65 | G22: =F22/4 -> -16.25 | H22: =F22/4 -> -16.25 | I22: =F22/4 -> -16.25 | J22: =F22/4 -> -16.25
A23: обслуговування компютерної техніки | B23: 1018.5 | C23: -6 | D23: -10 | E23: -10 | F23: =C23*1.1798 -> -7.0788 | G23: =F23/4 -> -1.7697 | H23: =F23/4 -> -1.7697 | I23: =F23/4 -> -1.7697 | J23: =F23/4 -> -1.7697
A24: канцелярські товари | B24: 1018.6 | C24: -48.9 | D24: -12 | E24: -12 | F24: =C24*1.1798 -> -57.69222 | G24: =F24/4 -> -14.423055 | H24: =F24/4 -> -14.423055 | I24: =F24/4 -> -14.423055 | J24: =F24/4 -> -14.423055
A25: Валовий прибуток (збиток) | B25: 1020 | C25: =C7+C8 -> 3108.5 | D25: =D7+D8 -> 0 | E25: =E7+E8 -> -0.2408 | F25: =F7+F8 -> 0 | G25: =F25/4 -> 0 | H25: =F25/4 -> 0 | I25: =F25/4 -> 0 | J25: =F25/4 -> 0
A26: Адміністративні витрати, у тому числі: | B26: 1030 | C26: -2461 | D26: -2795 | E26: -2795 | F26: -2968 | G26: =F26/4 -> -742 | H26: =F26/4 -> -742 | I26: =F26/4 -> -742 | J26: =F26/4 -> -742
A27: витрати, пов'язані з використанням власних службових автомобілів | B27: 1031 | C27: 0 | F27: =C27*1.1798 -> 0 | G27: =F27/4 -> 0 | H27: =F27/4 -> 0 | I27: =F27/4 -> 0 | J27: =F27/4 -> 0
A28: витрати на оренду службових автомобілів | B28: 1032 | C28: -1 | D28: -49 | E28: -49 | F28: -54 | G28: =F28/4 -> -13.5 | H28: =F28/4 -> -13.5 | I28: =F28/4 -> -13.5 | J28: =F28/4 -> -13.5
A29: витрати на консалтингові послуги | B29: 1033 | D29: ( -) | E29: ( -) | F29: =C29*1.1798 -> 0 | G29: =F29/4 -> 0 | H29: =F29/4 -> 0 | I29: =F29/4 -> 0 | J29: =F29/4 -> 0
A30: витрати на страхові послуги | B30: 1034 | D30: ( - ) | E30: ( - ) | F30: =C30*1.1798 -> 0 | G30: =F30/4 -> 0 | H30: =F30/4 -> 0 | I30: =F30/4 -> 0 | J30: =F30/4 -> 0
A31: витрати на аудиторські послуги | B31: 1035 | D31: ( - ) | E31: ( - ) | F31: =C31*1.1798 -> 0 | G31: =F31/4 -> 0 | H31: =F31/4 -> 0 | I31: =F31/4 -> 0 | J31: =F31/4 -> 0
A32: витрати на службові відрядження | B32: 1036 | D32: -16 | E32: -16 | F32: -16 | G32: =F32/4 -> -4 | H32: =F32/4 -> -4 | I32: =F32/4 -> -4 | J32: =F32/4 -> -4
A33: витрати на зв’язок | B33: 1037 | C33: -4.4 | D33: -20 | E33: -20 | F33: =C33*1.1798 -> -5.19112 | G33: =F33/4 -> -1.29778 | H33: =F33/4 -> -1.29778 | I33: =F33/4 -> -1.29778 | J33: =F33/4 -> -1.29778
A34: витрати на оплату праці | B34: 1038 | C34: -1976.9 | D34: -2221 | E34: -2221 | F34: =C34*1.1798 -> -2332.3466 | G34: =F34/4 -> -583.08665 | H34: =F34/4 -> -583.08665 | I34: =F34/4 -> -583.08665 | J34: =F34/4 -> -583.08665
A35: відрахування на соціальні заходи | B35: 1039 | C35: -443.6 | D35: -489 | E35: -489 | F35: =F34*22% -> -513.11626 | G35: =F35/4 -> -128.27906 | H35: =F35/4 -> -128.27906 | I35: =F35/4 -> -128.27906 | J35: =F35/4 -> -128.27906
A36: амортизація основних засобів і нематеріальних активів загальногосподарського призначення | B36: 1040 | C36: -10.1 | F36: =C36*5.3%+C36 -> -10.6353 | G36: =F36/4 -> -2.658825 | H36: =F36/4 -> -2.658825 | I36: =F36/4 -> -2.658825 | J36: =F36/4 -> -2.658825
A37: витрати на операційну оренду основних засобів та роялті, що мають загальногосподарське призначення | B37: 1041 | G37: =F37/4 -> 0 | H37: =F37/4 -> 0 | I37: =F37/4 -> 0 | J37: =F37/4 -> 0
A38: витрати на страхування майна загальногосподарського призначення | B38: 1042 | D38: ( ) | E38: ( ) | G38: =F38/4 -> 0 | H38: ( ) | I38: ( ) | J38: ( )
A39: витрати на страхування загальногосподарського персоналу | B39: 1043 | D39: ( ) | E39: ( ) | G39: =F39/4 -> 0 | H39: ( ) | I39: ( ) | J39: ( )
A40: організаційно-технічні послуги | B40: 1044 | G40: =F40/4 -> 0 | J40: ( )
A41: консультаційні та інформаційні послуги | B41: 1045 | D41: ( ) | E41: ( ) | G41: =F41/4 -> 0 | H41: ( ) | I41: ( ) | J41: ( )
A42: юридичні послуги | B42: 1046 | D42: ( ) | E42: ( ) | G42: =F42/4 -> 0 | H42: ( ) | I42: ( ) | J42: ( )
A43: послуги з оцінки майна | B43: 1047 | D43: ( ) | E43: ( ) | F43: =SUM(G43:J43) -> 0 | G43: =F43/4 -> 0 | H43: ( ) | I43: ( ) | J43: ( )
A44: витрати на охорону праці загальногосподарського персоналу | B44: 1048 | D44: ( ) | E44: ( ) | F44: =SUM(G44:J44) -> 0 | G44: =F44/4 -> 0 | H44: ( ) | I44: ( ) | J44: ( )
A45: витрати на підвищення кваліфікації та перепідготовку кадрів | B45: 1049 | D45: ( ) | E45: ( ) | F45: =SUM(G45:J45) -> 0 | G45: =F45/4 -> 0 | H45: ( ) | I45: ( ) | J45: ( )
A46: витрати на утримання основних фондів, інших необоротних активів загальногосподарського використання, у тому числі: | B46: 1050 | G46: =F46/4 -> 0 | J46: ( )
A47: витрати на поліпшення основних фондів | B47: 1050/1 | D47: ( ) | E47: ( ) | F47: =SUM(G47:J47) -> 0 | G47: =F47/4 -> 0 | H47: ( ) | I47: ( ) | J47: ( )
A48: інші адміністративні витрати (розшифрувати)посл.банку | B48: 1051 | C48: -24.8 | F48: -37 | G48: =F48/4 -> -9.25 | H48: =F48/4 -> -9.25 | I48: =F48/4 -> -9.25 | J48: =F48/4 -> -9.25
A49: Витрати на збут, у тому числі: | B49: 1060 | G49: =F49/4 -> 0
A50: транспортні витрати | B50: 1061 | C50: ( ) | D50: ( ) | E50: ( ) | F50: =SUM(G50:J50) -> 0 | G50: =F50/4 -> 0 | H50: ( ) | I50: ( ) | J50: ( )
A51: витрати на зберігання та упаковку | B51: 1062 | C51: ( ) | D51: ( ) | E51: ( ) | F51: =SUM(G51:J51) -> 0 | G51: =F51/4 -> 0 | H51: ( ) | I51: ( ) | J51: ( )
A52: витрати на оплату праці | B52: 1063 | C52: ( ) | D52: ( ) | E52: ( ) | F52: =SUM(G52:J52) -> 0 | G52: =F52/4 -> 0 | H52: ( ) | I52: ( ) | J52: ( )
A53: відрахування на соціальні заходи | B53: 1064 | C53: ( ) | D53: ( ) | E53: ( ) | F53: =SUM(G53:J53) -> 0 | G53: =F53/4 -> 0 | H53: ( ) | I53: ( ) | J53: ( )
A54: амортизація основних засобів і нематеріальних активів | B54: 1065 | C54: ( ) | D54: ( ) | E54: ( ) | F54: =SUM(G54:J54) -> 0 | G54: =F54/4 -> 0 | H54: ( ) | I54: ( ) | J54: ( )
A55: витрати на рекламу | B55: 1066 | C55: ( ) | D55: ( ) | E55: ( ) | F55: =SUM(G55:J55) -> 0 | G55: =F55/4 -> 0 | H55: ( ) | I55: ( ) | J55: ( )
A56: інші витрати на збут (розшифрувати) | B56: 1067 | F56: =SUM(G56:J56) -> 0 | G56: =F56/4 -> 0
A57: Інші операційні доходи, усього, у тому числі: | B57: 1070 | D57: 2900 | E57: 2900 | F57: 3100 | G57: =F57/4 -> 775 | H57: =F57/4 -> 775 | I57: =F57/4 -> 775 | J57: =F57/4 -> 775
A58: надання платних послуг (механізований полив, демонтаж реклами) | D58: 2900 | E58: 2900 | F58: 3100 | G58: =F58/4 -> 775 | H58: =F58/4 -> 775 | I58: =F58/4 -> 775 | J58: =F58/4 -> 775
A59: курсові різниці | B59: 1071 | D59: 0 | F59: =SUM(G59:J59) -> 0 | G59: =F59/4 -> 0
A60: нетипові операційні доходи (розшифрувати) | B60: 1072 | C60: 0 | F60: =SUM(G60:J60) -> 0 | G60: =F60/4 -> 0
A61: інші операційні доходи (надання платних послуг) яких саме | B61: 1073 | C61: 0 | G61: =F61/4 -> 0
A62: Інші операційні витрати, усього, у тому числі: | B62: 1080 | C62: =SUM(C63:C68) -> -96.5 | D62: =SUM(D63:D68) -> 0 | E62: =SUM(E63:E68) -> 0 | F62: =SUM(F63:F68) -> 0 | G62: =F62/4 -> 0 | H62: =SUM(H63:H68) -> 0 | I62: =SUM(I63:I68) -> 0 | J62: =SUM(J63:J68) -> 0
A63: курсові різниці | B63: 1081 | C63: 0 | D63: 0 | E63: 0 | F63: =SUM(G63:J63) -> 0 | G63: =F63/4 -> 0 | H63: 0 | I63: 0 | J63: 0
A64: нетипові операційні витрати (розшифрувати) | B64: 1082 | C64: 0 | D64: 0 | E64: 0 | F64: =SUM(G64:J64) -> 0 | G64: =F64/4 -> 0 | H64: 0 | I64: 0 | J64: 0
A65: витрати на благодійну допомогу | B65: 1083 | C65: ( ) | D65: ( ) | E65: ( ) | G65: =F65/4 -> 0 | H65: 0 | I65: 0 | J65: 0
A66: відрахування до резерву сумнівних боргів | B66: 1084 | C66: ( ) | D66: ( ) | E66: ( ) | G66: =F66/4 -> 0 | H66: 0 | I66: 0 | J66: 0
A67: відрахування до недержавних пенсійних фондів | B67: 1085 | C67: ( ) | D67: ( ) | E67: ( ) | G67: =F67/4 -> 0 | H67: 0 | I67: 0 | J67: 0
A68: інші операційні витрати (розшифрувати) розшифрувати | B68: 1086 | C68: -96.5 | D68: ( ) | E68: ( ) | G68: =F68/4 -> 0 | H68: 0 | I68: 0 | J68: 0
A69: Фінансовий результат від операційної діяльності | B69: 1100 | C69: =SUM(C25,C26,C49,C57,C62) -> 551 | D69: =SUM(D25,D26,D49,D57,D62) -> 105 | E69: =SUM(E25,E26,E49,E57,E62) -> 104.7592 | F69: =F57+F26 -> 132 | G69: 33 | H69: 33 | I69: 33 | J69: 33
A70: Дохід від участі в капіталі (розшифрувати) | B70: 1110 | F70: =SUM(G70:J70) -> 0 | G70: =F70/4 -> 0
A71: Втрати від участі в капіталі (розшифрувати) | B71: 1120 | C71: ( ) | D71: ( ) | E71: ( ) | F71: =SUM(G71:J71) -> 0 | G71: =F71/4 -> 0 | H71: ( ) | I71: ( ) | J71: ( )
A72: Інші фінансові доходи (розшифрувати) | B72: 1130 | F72: =SUM(G72:J72) -> 0 | G72: =F72/4 -> 0
A73: Фінансові витрати (розшифрувати) | B73: 1140 | C73: ( ) | D73: ( ) | E73: ( ) | F73: =SUM(G73:J73) -> 0 | H73: ( ) | I73: ( ) | J73: ( )
A74: Інші доходи, усього, у тому числі: | B74: 1150 | G74: =F74/4 -> 0
A75: курсові різниці | B75: 1151 | F75: =SUM(G75:J75) -> 0 | G75: =F75/4 -> 0
A76: інші доходи (розшифрувати)(Бюджет) | B76: 1152 | G76: =F76/4 -> 0
A77: Інші витрати, усього, у тому числі: | B77: 1160 | C77: -480.3 | D77: =SUM(D78:D79) -> 0 | E77: =SUM(E78:E79) -> 0 | F77: =SUM(G77:J77) -> 0 | G77: =F77/4 -> 0 | H77: =SUM(H78:H79) -> 0 | I77: =SUM(I78:I79) -> 0 | J77: =SUM(J78:J79) -> 0
A78: курсові різниці | B78: 1161 | D78: ( ) | E78: ( ) | G78: =F78/4 -> 0 | H78: ( ) | I78: ( ) | J78: ( )
A79: інші витрати (розшифрувати)(витрати по ліцензії) це може інша операційна діяльність(амортизація-480,3) | B79: 1162 | C79: -480.3 | F79: =SUM(G79:J79) -> 0 | G79: =F79/4 -> 0 | H79: ( ) | I79: ( ) | J79: ( )
A80: Фінансовий результат до оподаткування | B80: 1170 | C80: =SUM(C69,C70,C71,C72,C73,C74,C77) -> 70.7 | D80: =SUM(D69,D70,D71,D72,D73,D74,D77) -> 105 | E80: =SUM(E69,E70,E71,E72,E73,E74,E77) -> 104.7592 | F80: =F57+F26 -> 132 | G80: 33 | H80: 33 | I80: 33 | J80: 33
A81: Витрати з податку на прибуток | B81: 1180 | C81: =-C80*0.18 -> -12.726 | D81: =-D80*0.18 -> -18.9 | E81: =-E80*0.18 -> -18.856656 | F81: =-F80*0.18 -> -23.76 | G81: =F81/4 -> -5.94 | H81: =F81/4 -> -5.94 | I81: =F81/4 -> -5.94 | J81: =F81/4 -> -5.94
A82: Дохід з податку на прибуток | B82: 1181 | F82: =SUM(G82:J82) -> 0 | G82: =F82/4 -> 0
A83: Частина чистого прибутку (доходу), що сплачується комунальними підприємствами до міського бюджету | C83: =-C80*0.15 -> -10.605 | D83: =-D80*0.15 -> -15.75 | E83: -15.75 | F83: =-F80*0.15 -> -19.8 | G83: =F83/4 -> -4.95 | H83: =F83/4 -> -4.95 | I83: =F83/4 -> -4.95 | J83: =F83/4 -> -4.95
A84: Прибуток від припиненої діяльності після оподаткування | B84: 1190 | F84: =SUM(G84:J84) -> 0 | G84: =F84/4 -> 0
A85: Збиток від припиненої діяльності після оподаткування | B85: 1191 | C85: ( ) | D85: ( ) | E85: ( ) | F85: =SUM(G85:J85) -> 0 | G85: =F85/4 -> 0 | H85: ( ) | I85: ( ) | J85: ( )
A86: Чистий фінансовий результат, у тому числі: | B86: 1200 | C86: =C80+C81+C83 -> 47.369 | D86: =D80+D81+D83 -> 70.35 | E86: 70.4 | F86: =F80+F81+F83 -> 88.44 | G86: =F86/4 -> 22.11 | H86: 43.89 | I86: 43.89 | J86: 43.89
A87: прибуток | B87: 1201 | C87: =SUM(C81,C82,C83,C85,C86) -> 24.038 | D87: =SUM(D81,D82,D83,D85,D86) -> 35.7 | E87: =SUM(E81,E82,E83,E85,E86) -> 35.793344 | F87: =F80-F81-F83 -> 175.56 | G87: =F87/4 -> 43.89 | H87: 43.89 | I87: 43.89 | J87: 43.89
A88: збиток | B88: 1202 | G88: =F88/4 -> 0
A89: Усього доходів | B89: 1210 | C89: =SUM(C7,C57,C70,C72,C74,C82,C84) -> 13722.6 | D89: =SUM(D7,D57,D70,D72,D74,D82,D84) -> 16052 | E89: =SUM(E7,E57,E70,E72,E74,E82,E84) -> 16688 | F89: =F7+F57 -> 18956 | G89: =$F$89/4 -> 4739 | H89: =$F$89/4 -> 4739 | I89: =$F$89/4 -> 4739 | J89: =$F$89/4 -> 4739
A90: Усього витрат | B90: 1220 | C90: =C8+C26+C81+C83+C77+C62 -> -13675.231 | D90: =D8+D26+D81+D83 -> -15981.65 | E90: =E8+E26+E81+E83 -> -16617.847 | F90: =F8+F26+F81+F83 -> -18867.56 | G90: =F90/4 -> -4716.89 | H90: =F90/4 -> -4716.89 | I90: =F90/4 -> -4716.89 | J90: =F90/4 -> -4716.89
A91: Неконтрольована частка | B91: 1230 | F91: =SUM(G91:J91) -> 0
A92: Розрахунок показника EBITDA
A93: Фінансовий результат від операційної діяльності, рядок 1100 | B93: 1300 | C93: =C69 -> 551 | D93: =D69 -> 105 | E93: =E69 -> 104.7592 | F93: =F69 -> 132 | G93: =$F$93/4 -> 33 | H93: =$F$93/4 -> 33 | I93: =$F$93/4 -> 33 | J93: =$F$93/4 -> 33
A94: плюс амортизація, рядок 1430 | B94: 1301 | C94: =C106 -> 194.1 | D94: =D106 -> 198 | E94: =E106 -> 198 | F94: =F106 -> 212 | G94: =$F$94/4 -> 53 | H94: =$F$94/4 -> 53 | I94: =$F$94/4 -> 53 | J94: =$F$94/4 -> 53
A95: мінус операційні доходи від курсових різниць, рядок 1071 | B95: 1302 | C95: =C59 -> 0 | D95: =D59 -> 0 | E95: =E59 -> 0 | F95: =F59 -> 0 | G95: =G59 -> 0 | H95: =H59 -> 0 | I95: =I59 -> 0 | J95: =J59 -> 0
A96: плюс операційні витрати від курсових різниць, рядок 1081 | B96: 1303 | C96: =C63 -> 0 | D96: =D63 -> 0 | E96: =E63 -> 0 | F96: =F63 -> 0 | G96: =G63 -> 0 | H96: =H63 -> 0 | I96: =I63 -> 0 | J96: =J63 -> 0
A97: мінус значні нетипові операційні доходи, рядок 1072 | B97: 1304 | C97: =C60 -> 0 | D97: =D60 -> 0 | E97: =E60 -> 0 | F97: =F60 -> 0 | G97: =G60 -> 0 | H97: =H60 -> 0 | I97: =I60 -> 0 | J97: =J60 -> 0
A98: плюс значні нетипові операційні витрати, рядок 1082 | B98: 1305 | C98: =C64 -> 0 | D98: =D64 -> 0 | E98: =E64 -> 0 | F98: =F64 -> 0 | G98: =G64 -> 0 | H98: =H64 -> 0 | I98: =I64 -> 0 | J98: =J64 -> 0
A99: EBITDA | B99: 1310 | C99: =C93+C94-C95-C96-C97-C98 -> 745.1 | D99: =D93+D94-D95-D96-D97-D98 -> 303 | E99: =E93+E94-E95-E96-E97-E98 -> 302.7592 | F99: =132+212 -> 344 | G99: 86 | H99: 86 | I99: 86 | J99: 86
A100: Елементи операційних витрат
...

Sheet ІІ. Розр. з бюджетом
A1: IІ. Розрахунки з бюджетом
I2: тис.грн
A3: Найменування показника | B3: Код рядка | C3: Факт минулого року 2020р | D3: Фінансовий план поточного року 2021р | E3: Прогноз на поточний рік 2021р | F3: Плановий рік (усього) 2022р | G3: У тому числі за кварталами
G4: І | H4: ІІ | I4: ІІІ | J4: ІV
A5: 1 | B5: 2 | C5: 3 | D5: 4 | E5: 5 | F5: 6 | G5: 7 | H5: 8 | I5: 9 | J5: 10
A6: Розподіл чистого прибутку
A7: Залишок нерозподіленого прибутку (непокритого збитку) на початок звітного періоду | B7: 2000
A8: Нараховані до сплати відрахування частини чистого прибутку, усього, у тому числі: | B8: 2010 | C8: 0 | D8: 13 | E8: 13 | F8: =D8*1.1798 -> 15.3374 | G8: 3 | H8: 3 | I8: 4 | J8: 5
A9: державними унітарними підприємствами та їх об'єднаннями до державного бюджету | B9: 2011 | C9: 0 | D9: ( ) | E9: ( ) | F9: =SUM(G9:J9) -> 0 | G9: ( ) | H9: ( ) | I9: ( ) | J9: ( )
A10: господарськими товариствами, у статутному капіталі яких більше 50 відсотків акцій (часток, паїв) належать державі, на виплату дивідендів | B10: 2012 | C10: ( ) | D10: ( ) | E10: ( ) | F10: =SUM(G10:J10) -> 0 | G10: ( ) | H10: ( ) | I10: ( ) | J10: ( )
A11: у тому числі на державну частку | B11: 2012/1 | C11: ( ) | D11: ( ) | E11: ( ) | F11: =SUM(G11:J11) -> 0 | G11: ( ) | H11: ( ) | I11: ( ) | J11: ( )
A12: Перенесено з додаткового капіталу | B12: 2020 | F12: =SUM(G12:J12) -> 0
A13: Розвиток виробництва | B13: 2030 | C13: ( ) | D13: ( ) | E13: ( ) | F13: =SUM(G13:J13) -> 0 | G13: ( ) | H13: ( ) | I13: ( ) | J13: ( )
A14: у тому числі за основними видами діяльності за КВЕД | B14: 2031 | C14: ( ) | D14: ( ) | E14: ( ) | F14: =SUM(G14:J14) -> 0 | G14: ( ) | H14: ( ) | I14: ( ) | J14: ( )
A15: Резервний фонд | B15: 2040 | C15: ( ) | D15: ( ) | E15: ( ) | F15: =SUM(G15:J15) -> 0 | G15: ( ) | H15: ( ) | I15: ( ) | J15: ( )
A16: Інші фонди (розшифрувати) | B16: 2050 | C16: ( ) | D16: ( ) | E16: ( ) | F16: =SUM(G16:J16) -> 0 | G16: ( ) | H16: ( ) | I16: ( ) | J16: ( )
A17: Інші цілі (розшифрувати) | B17: 2060 | C17: ( ) | D17: ( ) | E17: ( ) | F17: =SUM(G17:J17) -> 0 | G17: ( ) | H17: ( ) | I17: ( ) | J17: ( )
A18: Залишок нерозподіленого прибутку (непокритого збитку) на кінець звітного періоду | B18: 2070
A19: Сплата податків, зборів та інших обов'язкових платежів
A20: Сплата податків та зборів до Державного бюджету України (податкові платежі), усього, у тому числі: | B20: 2110 | C20: =C21+C22+C29 -> 3198.1 | D20: =D21+D22+D27 -> 2693.9 | E20: =E21+E22+E27 -> 2693.9 | F20: =F21+F22 -> 3179.725 | G20: =F20/4 -> 794.93125 | H20: =F20/4 -> 794.93125 | I20: =F20/4 -> 794.93125 | J20: =F20/4 -> 794.93125
A21: податок на прибуток підприємств | B21: 2111 | C21: 12.7 | D21: 18.9 | E21: 18.9 | F21: =132*18% -> 23.76 | G21: =F21/4 -> 5.94 | H21: =F21/4 -> 5.94 | I21: =F21/4 -> 5.94 | J21: =F21/4 -> 5.94
A22: податок на додану вартість, що підлягає сплаті до бюджету за підсумками звітного періоду | B22: 2112 | C22: 3083.5 | D22: 2675 | E22: 2675 | F22: =D22*1.1798 -> 3155.965 | G22: 681 | H22: 663 | I22: 980 | J22: 832
A23: податок на додану вартість, що підлягає відшкодуванню з бюджету за підсумками звітного періоду | B23: 2113 | F23: =D23*1.1798 -> 0
A24: акцизний податок | B24: 2114 | F24: =D24*1.1798 -> 0
A25: відрахування частини чистого прибутку державними унітарними підприємствами та їх об'єднаннями | B25: 2115 | F25: =D25*1.1798 -> 0
A26: рентна плата за транспортування | B26: 2116 | F26: =D26*1.1798 -> 0
A27: рентна плата за користування надрами | B27: 2117 | F27: =D27*1.1798 -> 0
A28: податок на доходи фізичних осіб | B28: 2118 | F28: =D28*1.1798 -> 0
A29: інші податки та збори (розшифрувати) (військ.) | B29: 2119 | C29: 101.9 | F29: =D29*1.1798 -> 0
A30: Сплата податків та зборів до місцевих бюджетів (податкові платежі), усього, у тому числі: | B30: 2120 | C30: 1252 | D30: 1640 | E30: =E31+E34 -> 1639.8 | F30: 1954.7 | G30: =F30/4 -> 488.675 | H30: =F30/4 -> 488.675 | I30: =F30/4 -> 488.675 | J30: =F30/4 -> 488.675
A31: податок на доходи фізичних осіб | B31: 2121 | C31: 1222.6 | D31: 1640 | E31: 1624 | F31: =D31*1.1798 -> 1934.872 | G31: =F31/4 -> 483.718 | H31: =F31/4 -> 483.718 | I31: =F31/4 -> 483.718 | J31: =F31/4 -> 483.718
A32: земельний податок | B32: 2122 | F32: =D32*1.1798 -> 0
A33: орендна плата (60% за оренд. прим) | B33: 2123 | C33: 16.6 | F33: =D33*1.1798 -> 0
A34: інші податки та збори (розшифрувати)(частина чистого прибут (доходу, що сплачуєьбся до місцевого бюджету)) | B34: 2124 | C34: 12.7 | D34: 15.8 | E34: 15.8 | F34: 19.8 | G34: =F34/4 -> 4.95 | H34: =F34/4 -> 4.95 | I34: =F34/4 -> 4.95 | J34: =F34/4 -> 4.95
A35: Інші податки, збори та платежі на користь держави, усього, у тому числі: | B35: 2130 | C35: 1538 | D35: 1684 | E35: =E38 -> 1772.4052 | F35: =F38 -> 2002.64 | G35: =F35/4 -> 500.65999 | H35: =F35/4 -> 500.65999 | I35: =F35/4 -> 500.65999 | J35: =F35/4 -> 500.65999
A36: відрахування частини чистого прибутку господарськими товариствами, у статутному капіталі яких більше 50 відсотків акцій (часток, паїв) належать державі, на виплату дивідендів на державну частку | B36: 2131
A37: митні платежі | B37: 2132
A38: єдиний внесок на загальнообов'язкове державне соціальне страхування | B38: 2133 | C38: =1367.7+38.9+2.7+128.3 -> 1537.6 | D38: ='I. Фін результат'!D105/'I. Фін результат'!C105*'ІІ. Розр. з бюджетом'!C38 -> 1684.0218 | E38: ='I. Фін результат'!E105/'I. Фін результат'!D105*'ІІ. Розр. з бюджетом'!D38 -> 1772.4052 | F38: ='I. Фін результат'!F105/'I. Фін результат'!E105*'ІІ. Розр. з бюджетом'!E38 -> 2002.64 | G38: =F38/4 -> 500.65999 | H38: =F38/4 -> 500.65999 | I38: =F38/4 -> 500.65999 | J38: =F38/4 -> 500.65999
A39: інші податки, збори та платежі (розшифрувати) | B39: 2134
A40: Погашення податкового боргу, усього, у тому числі: | B40: 2140
A41: погашення реструктуризованих та відстрочених сум, що підлягають сплаті в поточному році до бюджетів та державних цільових фондів | B41: 2141
A42: інші (штрафи, пені, неустойки) (розшифрувати) | B42: 2142
A43: Усього виплат на користь держави | B43: 2200 | C43: =C20+C30+C35 -> 5988.1 | D43: =D20+D30+D35 -> 6017.9 | E43: =E20+E30+E35 -> 6106.1052 | F43: =F20+F30+F35 -> 7137.065 | G43: =G20+G30+G35 -> 1784.2662 | H43: =H20+H30+H35 -> 1784.2662 | I43: =I20+I30+I35 -> 1784.2662 | J43: =J20+J30+J35 -> 1784.2662
A47: Керівник Директор | C47: _____________________________ | H47: Василь МИХАЙЛИЩУК___________
A48: (посада) | C48: (підпис) | H48: (ініціали, прізвище)

Sheet ІІІ. Рух грош. коштів
A1: ІІІ. Рух грошових коштів (за прямим методом)
I2: тис.грн
A3: Найменування показника | B3: Код рядка | C3: Факт минулого року 020р | D3: План поточного року2021 | E3: Прогноз на поточний рік 2021р | F3: Плановий рік (усього) 2022р | G3: У тому числі за кварталами
G4: І | H4: ІІ | I4: ІІІ | J4: ІV
A5: 1 | B5: 2 | C5: 3 | D5: 4 | E5: 5 | F5: 6 | G5: 7 | H5: 8 | I5: 9 | J5: 10
A6: І. Рух коштів у результаті операційної діяльності
A7: Надходження грошових коштів від операційної діяльності | B7: 3000 | C7: =C8+C10+C17 -> 13723 | D7: =D8+D10+D17 -> 16052 | E7: =E8+E10+E17 -> 16688 | F7: =F8+F10+F17 -> 18956 | G7: =F7/4 -> 4739 | H7: =F7/4 -> 4739 | I7: =F7/4 -> 4739 | J7: =F7/4 -> 4739
A8: Виручка від реалізації продукції (товарів, робіт, послуг) | B8: 3010 | C8: 11436 | D8: 13377 | E8: 13907 | F8: 15797 | G8: =F8/4 -> 3949.25 | H8: =F8/4 -> 3949.25 | I8: =F8/4 -> 3949.25 | J8: =F8/4 -> 3949.25
A9: Повернення податків і зборів, у тому числі: | B9: 3020 | G9: =F9/4 -> 0 | H9: =F9/4 -> 0 | I9: =F9/4 -> 0 | J9: =G9/4 -> 0
A10: податку на додану вартість | B10: 3021 | C10: 2287 | D10: 2675 | E10: 2781 | F10: 3159 | G10: =F10/4 -> 789.75 | H10: =F10/4 -> 789.75 | I10: =F10/4 -> 789.75 | J10: =F10/6 -> 526.5
A11: Цільове фінансування (розшифрувати) БЮДЖЕТ, ЛІКАРНЯНІ кошти на благоустрій будуть цільовим фінансуванням | B11: 3030 | C11: 0 | F11: =D11*1.1798 -> 0 | G11: =F11/4 -> 0 | H11: =F11/4 -> 0 | I11: =F11/4 -> 0 | J11: =G11/4 -> 0
A12: Надходження авансів від покупців і замовників | B12: 3040 | G12: =F12/4 -> 0 | H12: =F12/4 -> 0 | I12: =F12/4 -> 0 | J12: =G12/4 -> 0
A13: Отримання коштів за короткостроковими зобов'язаннями, у тому числі: | B13: 3050 | G13: =F13/4 -> 0 | H13: =F13/4 -> 0 | I13: =F13/4 -> 0 | J13: =G13/4 -> 0
A14: кредити | B14: 3051 | G14: =F14/4 -> 0 | H14: =F14/4 -> 0 | I14: =F14/4 -> 0 | J14: =G14/4 -> 0
A15: позики | B15: 3052 | G15: =F15/4 -> 0 | H15: =F15/4 -> 0 | I15: =F15/4 -> 0 | J15: =G15/4 -> 0
A16: облігації | B16: 3053 | G16: =F16/4 -> 0 | H16: =F16/4 -> 0 | I16: =F16/4 -> 0 | J16: =G16/4 -> 0
A17: Інші надходження (ОРЕНДА) | B17: 3060 | G17: =F17/4 -> 0 | H17: =F17/4 -> 0 | I17: =F17/4 -> 0 | J17: =G17/4 -> 0
A18: Видатки грошових коштів від операційної діяльності | B18: 3100 | C18: =C19+C20 -> 13675.3 | D18: =D19+D20 -> 15982 | E18: =E19+E20 -> 16618 | F18: =F19+F20 -> 18869 | G18: =F18/4 -> 4717.25 | H18: =F18/4 -> 4717.25 | I18: =F18/4 -> 4717.25 | J18: =G18/4 -> 1179.3125 | L18: 18868
A19: Розрахунки за продукцію (товари, роботи та послуги) | B19: 3110 | C19: 3228.3 | D19: 4992 | E19: 5128 | F19: 5884 | G19: =F19/4 -> 1471 | H19: =F19/4 -> 1471 | I19: =F19/4 -> 1471 | J19: =G19/4 -> 367.75
A20: Розрахунки з оплати праці | B20: 3120 | C20: =8649+1798 -> 10447 | D20: =9021+1969 -> 10990 | E20: =9418+2072 -> 11490 | F20: =10643+2342 -> 12985 | G20: =F20/4 -> 3246.25 | H20: =F20/4 -> 3246.25 | I20: =F20/4 -> 3246.25 | J20: =G20/4 -> 811.5625
A21: Повернення коштів за короткостроковими зобов'язаннями, у тому числі: | B21: 3130
A22: кредити | B22: 3131
A23: позики | B23: 3132
A24: облігації | B24: 3133
A25: Зобов’язання з податків, зборів та інших обов’язкових платежів, у тому числі: | B25: 3140 | C25: =C26+C27+C28+C29+C30+C31+C32+C33+C34 -> 5988.4 | D25: =D26+D27+D28+D29+D30+D31+D32+D33+D34 -> 6017.7 | E25: =E26+E27+E28+E29+E30+E31+E32+E33+E34 -> 6106.1052 | F25: =F26+F27+F28+F29+F30+F31+F32+F33+F34 -> 7137.112 | G25: =F25/4 -> 1784.278 | H25: =F25/4 -> 1784.278 | I25: =F25/4 -> 1784.278 | J25: =F25/4 -> 1784.278
A26: податок на прибуток підприємств | B26: 3141 | C26: ='ІІ. Розр. з бюджетом'!C21 -> 12.7 | D26: ='ІІ. Розр. з бюджетом'!D21 -> 18.9 | E26: ='Осн. фін. пок.'!E66 -> 18.9 | F26: 23.8 | G26: =F26/4 -> 5.95 | H26: =F26/4 -> 5.95 | I26: =F26/4 -> 5.95 | J26: =F26/4 -> 5.95
A27: податок на додану вартість | B27: 3142 | C27: ='Осн. фін. пок.'!C67 -> 3083.5 | D27: ='Осн. фін. пок.'!D67 -> 2675 | E27: ='Осн. фін. пок.'!E67 -> 2675 | F27: 3156 | G27: =F27/4 -> 789 | H27: =F27/4 -> 789 | I27: =F27/4 -> 789 | J27: =F27/4 -> 789
A28: акцизний податок | B28: 3143 | F28: =D28*1.1798 -> 0 | G28: =F28/4 -> 0 | H28: =F28/4 -> 0 | I28: =F28/4 -> 0 | J28: =F28/4 -> 0
A29: рентна плата | B29: 3144 | F29: =D29*1.1798 -> 0 | G29: =F29/4 -> 0 | H29: =F29/4 -> 0 | I29: =F29/4 -> 0 | J29: =F29/4 -> 0
A30: податок на доходи фізичних осіб | B30: 3145 | C30: ='ІІ. Розр. з бюджетом'!C31 -> 1222.6 | D30: 1624 | E30: ='ІІ. Розр. з бюджетом'!E31 -> 1624 | F30: ='ІІ. Розр. з бюджетом'!F31 -> 1934.872 | G30: =F30/4 -> 483.718 | H30: =F30/4 -> 483.718 | I30: =F30/4 -> 483.718 | J30: =F30/4 -> 483.718
A31: інші обов’язкові платежі, у тому числі: | B31: 3146 | C31: 101.9 | G31: =F31/4 -> 0 | H31: =F31/4 -> 0 | I31: =F31/4 -> 0 | J31: =F31/4 -> 0
A32: відрахування частини чистого прибутку комунальними підприємствами | B32: 3146/1 | C32: 12.7 | D32: 15.8 | E32: 15.8 | F32: ='ІІ. Розр. з бюджетом'!F34 -> 19.8 | G32: =F32/4 -> 4.95 | H32: =F32/4 -> 4.95 | I32: =F32/4 -> 4.95 | J32: =F32/4 -> 4.95
A33: інші платежі (розшифрувати) ПОДАТКИ(єсв.екол,зем,радіоч,військ,профс.) | B33: 3150 | C33: ='ІІ. Розр. з бюджетом'!C35 -> 1538 | D33: ='ІІ. Розр. з бюджетом'!D35 -> 1684 | E33: ='ІІ. Розр. з бюджетом'!E35 -> 1772.4052 | F33: ='ІІ. Розр. з бюджетом'!F35 -> 2002.64 | G33: =F33/4 -> 500.65999 | H33: =F33/4 -> 500.65999 | I33: =F33/4 -> 500.65999 | J33: =F33/4 -> 500.65999
A34: Повернення коштів до бюджету | B34: 3160 | C34: 17
A35: Інші витрати (розшифрувати)Орендна плпата | B35: 3170
A36: Чистий рух коштів від операційної діяльності | B36: 3195 | C36: 47.4 | D36: 70.4 | E36: 70.4 | F36: 88.4 | G36: =F36/4 -> 22.1 | H36: =F36/4 -> 22.1 | I36: =F36/4 -> 22.1 | J36: =F36/4 -> 22.1
A37: II. Рух коштів у результаті інвестиційної діяльності
A38: Надходження грошових коштів від інвестиційної діяльності | B38: 3200
A39: Виручка від реалізації фінансових інвестицій | B39: 3210
A40: Виручка від реалізації необоротних активів | B40: 3220
A41: Надходження від продажу акцій та облігацій | B41: 3230
A42: Інші надходження (розшифрувати) | B42: 3240
A43: Видатки грошових коштів від інвестиційної діяльності | B43: 3255
A44: Придбання (створення) основних засобів (розшифрувати) | B44: 3260
A45: Капітальне будівництво (розшифрувати) | B45: 3265
A46: Придбання (створення) нематеріальних активів (розшифрувати) | B46: 3270
A47: Придбання акцій та облігацій | B47: 3275
A48: Інші витрати (розшифрувати) | B48: 3280
A49: Чистий рух коштів від інвестиційної діяльності | B49: 3295
A50: III. Рух коштів у результаті фінансової діяльності
A51: Надходження грошових коштів від фінансової діяльності | B51: 3300
A52: Надходження від власного капіталу | B52: 3310
A53: Отримання коштів за довгостроковими зобов'язаннями, у тому числі: | B53: 3320
A54: кредити | B54: 3321
A55: позики | B55: 3322
A56: облігації | B56: 3323
A57: Інші надходження (розшифрувати) % | B57: 3340
A58: Видатки грошових коштів від фінансової діяльності | B58: 3345
A59: Витрачання на викуп власних акцій | B59: 3350
A60: Повернення коштів за довгостроковими зобов'язаннями, у тому числі: | B60: 3360
A61: кредити | B61: 3361
A62: позики | B62: 3362
... A67: Чистий грошовий потік | B67: 3400
A68: Залишок коштів на початок періоду | B68: 3405 | C68: 0
A69: Вплив зміни валютних курсів на залишок коштів | B69: 3410
A70: Залишок коштів на кінець періоду | B70: 3415 | C70: 890.3 | F70: =D70*1.1798 -> 0
A74: Керівник Директор | C74: _____________________________ | H74: Василь МИХАЙЛИЩУК
A75: (посада) | C75: (підпис) | H75: (ініціали, прізвище)

Sheet IV. Кап. інвестиції
A1: IV. Капітальні інвестиції
A2: тис.грн
A3: Найменування показника | B3: Код рядка | C3: Факт минулого року 2020р | D3: Фінансовий план поточного року 2021р | E3: Прогноз на поточний рік 2021р | F3: Плановий рік (усього) 2022р | G3: У тому числі за кварталами
G4: І | H4: ІІ | I4: ІІІ | J4: ІV
A5: 1 | B5: 2 | C5: 3 | D5: 4 | E5: 5 | F5: 6 | G5: 7 | H5: 8 | I5: 9 | J5: 10
A6: Капітальні інвестиції, усього, у тому числі: | B6: 4000 | C6: =C8+C11 -> 7.6 | D6: =D8+D11 -> 150 | E6: =D6 -> 150 | F6: 150 | H6: 150
A7: капітальне будівництво | B7: 4010
A8: придбання (виготовлення) основних засобів розписати( автомобіль) | B8: 4020 | C8: 7.6 | D8: 100 | E8: =D8 -> 100 | F8: 100 | H8: 100
A9: придбання (виготовлення) інших необоротних матеріальних активів | B9: 4030
A10: придбання (створення) нематеріальних активів | B10: 4040
A11: модернізація, модифікація основних засобів розписати (капітальний ремонт даху) | B11: 4050 | D11: 50 | E11: =D11 -> 50 | F11: 50 | G11: 0 | H11: 50 | J11: 0
B12: 4060 | F12: =SUM(G12:J12) -> 0
A16: Керівник Директор | C16: _____________________________ | H16: Василь МИХАЙЛИЩУК___________
A17: (посада) | C17: (підпис)

Sheet  V. Коефіцієнти
A1: V. Коефіцієнтний аналіз
A3: Найменування показника | B3: Код рядка | C3: Оптимальне значення | D3: Факт минулого року | E3: Фінансовий план поточного року | F3: Прогноз на поточний рік | G3: Плановий рік | H3: Примітки
A5: 1 | B5: 2 | C5: 3 | D5: 4 | E5: 5 | F5: 6 | G5: 7 | H5: 8
A6: Коефіцієнти рентабельності та прибутковості
A7: Валова рентабельність (валовий прибуток, рядок 1020 / чистий дохід від реалізації продукції (товарів, робіт, послуг), рядок 1000) х 100, % | B7: 5000 | C7: Збільшення | D7: ='Осн. фін. пок.'!C43/'Осн. фін. пок.'!C41*100 -> 22.652413 | E7: ='Осн. фін. пок.'!D43/'Осн. фін. пок.'!D41*100 -> 0 | F7: ='Осн. фін. пок.'!E43/'Осн. фін. пок.'!E41*100 -> 0 | G7: ='Осн. фін. пок.'!F43/'Осн. фін. пок.'!F41*100 -> 0
A8: Рентабельність EBITDA (EBITDA, рядок 1310 / чистий дохід від реалізації продукції (товарів, робіт, послуг), рядок 1000) х 100, % | B8: 5010 | C8: Збільшення | D8: ='Осн. фін. пок.'!C49/'Осн. фін. пок.'!C41*100 -> 5.4297291 | E8: ='Осн. фін. пок.'!D49/'Осн. фін. пок.'!D41*100 -> 2.3038321 | F8: ='Осн. фін. пок.'!E49/'Осн. фін. пок.'!E41*100 -> 2.1958167 | G8: ='Осн. фін. пок.'!F49/'Осн. фін. пок.'!F41*100 -> 2.1695257
A9: Рентабельність активів (чистий фінансовий результат, рядок 1200 / вартість активів, рядок 6020) х 100, % | B9: 5020 | C9: Збільшення | D9: ='Осн. фін. пок.'!C63/'Осн. фін. пок.'!C96*100 -> 0.62226922 | E9: ='Осн. фін. пок.'!D63/'Осн. фін. пок.'!D96*100 -> 0.90096436 | F9: ='Осн. фін. пок.'!E63/'Осн. фін. пок.'!E96*100 -> 0.92464808 | G9: ='Осн. фін. пок.'!F63/'Осн. фін. пок.'!F96*100 -> 1.2809965 | H9: Характеризує ефективність використання активів підприємства
A10: Рентабельність власного капіталу (чистий фінансовий результат, рядок 1200 / власний капітал, рядок 6080) х 100, % | B10: 5030 | C10: Збільшення | D10: ='Осн. фін. пок.'!C63/'Осн. фін. пок.'!C104*100 -> 0.69912184 | E10: ='Осн. фін. пок.'!D63/'Осн. фін. пок.'!D104*100 -> 1.0382998 | F10: ='Осн. фін. пок.'!E63/'Осн. фін. пок.'!E104*100 -> 1.0382998 | G10: ='Осн. фін. пок.'!F63/'Осн. фін. пок.'!F104*100 -> 1.3052911
A11: Рентабельність діяльності (чистий фінансовий результат, рядок 1200 / чистий дохід від реалізації продукції (товарів, робіт, послуг), рядок 1000) х 100, % | B11: 5040 | C11: Збільшення | D11: ='Осн. фін. пок.'!C63/'Осн. фін. пок.'!C41*100 -> 0.34518969 | E11: ='Осн. фін. пок.'!D63/'Осн. фін. пок.'!D41*100 -> 0.53489964 | F11: ='Осн. фін. пок.'!E63/'Осн. фін. пок.'!E41*100 -> 0.51022628 | G11: ='Осн. фін. пок.'!F63/'Осн. фін. пок.'!F41*100 -> 0.55776993 | H11: Характеризує ефективність господарської діяльності підприємства
A12: Коефіцієнти фінансової стійкості та ліквідності
A13: Коефіцієнт відношення боргу до EBITDA (довгострокові зобов'язання, рядок 6030 + поточні зобов'язання, рядок 6040) / EBITDA, рядок 1310 | B13: 5100 | D13: =('Осн. фін. пок.'!C97+'Осн. фін. пок.'!C98)/'I. Фін результат'!C99 -> 0.098241847 | E13: =('Осн. фін. пок.'!D97+'Осн. фін. пок.'!D98)/'I. Фін результат'!D99 -> 0.24158416 | F13: =('Осн. фін. пок.'!E97+'Осн. фін. пок.'!E98)/'I. Фін результат'!E99 -> 0.2417763 | G13: =('Осн. фін. пок.'!F97+'Осн. фін. пок.'!F98)/'I. Фін результат'!F99 -> 0.21831395
A14: Коефіцієнт фінансової стійкості (власний капітал, рядок 6080 / (довгострокові зобов'язання, рядок 6030 + поточні зобов'язання, рядок 6040)) | B14: 5110 | C14: > 1 | D14: ='Осн. фін. пок.'!C104/('Осн. фін. пок.'!C97+'Осн. фін. пок.'!C98) -> 92.561475 | E14: ='Осн. фін. пок.'!D104/('Осн. фін. пок.'!D97+'Осн. фін. пок.'!D98) -> 92.561475 | F14: ='Осн. фін. пок.'!E104/('Осн. фін. пок.'!E97+'Осн. фін. пок.'!E98) -> 92.561475 | G14: ='Осн. фін. пок.'!F104/('Осн. фін. пок.'!F97+'Осн. фін. пок.'!F98) -> 90.219707 | H14: Характеризує співвідношення власних та позикових коштів і залежність підприємства від зовнішніх фінансових джерел
A15: Коефіцієнт поточної ліквідності (покриття) (оборотні активи, рядок 6010 / поточні зобов'язання, рядок 6040) | B15: 5120 | C15: > 1 | D15: ='Осн. фін. пок.'!C92/'Осн. фін. пок.'!C98 -> 0 | E15: ='Осн. фін. пок.'!D92/'Осн. фін. пок.'!D98 -> 0 | F15: ='Осн. фін. пок.'!E92/'Осн. фін. пок.'!E98 -> 0 | G15: ='Осн. фін. пок.'!F92/'Осн. фін. пок.'!F98 -> 0 | H15: Показує достатність ресурсів підприємства, які може бути використано для погашення його поточних зобов'язань. Нормативним значенням для цього показника є > 1–1,5
A16: Аналіз капітальних інвестицій
A17: Коефіцієнт відношення капітальних інвестицій до амортизації (капітальні інвестиції, рядок 4000 / амортизація, рядок 1430) | B17: 5200 | D17: ='Осн. фін. пок.'!C79/'I. Фін результат'!C106*100 -> 3.9155075 | E17: ='Осн. фін. пок.'!D79/'I. Фін результат'!D106*100 -> 75.757576 | F17: ='Осн. фін. пок.'!E79/'I. Фін результат'!E106*100 -> 4.18 | G17: ='Осн. фін. пок.'!F79/'I. Фін результат'!F106*100 -> 70.754717
A18: Коефіцієнт відношення капітальних інвестицій до чистого доходу від реалізації продукції (товарів, робіт, послуг) (капітальні інвестиції, рядок 4000 / чистий дохід від реалізації продукції (товарів, робіт, послуг), рядок 1000) | B18: 5210 | D18: ='Осн. фін. пок.'!C79/'Осн. фін. пок.'!C41*100 -> 0.055383091 | E18: ='Осн. фін. пок.'!D79/'Осн. фін. пок.'!D41*100 -> 1.1405109 | F18: ='Осн. фін. пок.'!E79/'Осн. фін. пок.'!E41*100 -> 0.06002611 | G18: ='Осн. фін. пок.'!F79/'Осн. фін. пок.'!F41*100 -> 0.94601413
A19: Коефіцієнт зносу основних засобів (сума зносу, рядок 6003 / первісна вартість основних засобів, рядок 6002) | B19: 5220 | C19: Зменшення | D19: ='Осн. фін. пок.'!C91/'Осн. фін. пок.'!C90 -> -0.67727173 | E19: ='Осн. фін. пок.'!D91/'Осн. фін. пок.'!D90 -> -0.65476443 | F19: ='Осн. фін. пок.'!E91/'Осн. фін. пок.'!E90 -> -0.67873618 | G19: ='Осн. фін. пок.'!F91/'Осн. фін. пок.'!F90 -> -0.65970898 | H19: Характеризує інвестиційну політику підприємства
A20: Ковенанти/обмежувальні коефіцієнти
A21: Інші коефіцієнти/ковенанти, якщо такі передбачені умовами кредитних договорів, із зазначенням банку, валюти та суми зобов'язання на дату останньої звітності, строку погашення. У графі "Оптимальне значення" вказати граничне значення коефіцієнта | B21: 5300
A25: Керівник Директор | C25: _____________________________ | H25: Василь МИХАЙЛИЩУК___________
A26: (посада) | C26: (підпис) | H26: (ініціали, прізвище)

Sheet 6.1. Інша інфо_1
A1: Інформація
A2: до фінансового плану на 2022 рік
A3: КОМУНАЛЬНЕ ПІДПРИЄМСТВО "Зеленосвіт"
A4: (найменування підприємства)
A5: 1. Дані про підприємство, персонал та витрати на оплату праці тис.грн
A7: Загальна інформація про підприємство (резюме)
A9: Найменування показника | D9: Факт минулого року | F9: Фінансовий план поточного року | H9: Прогноз на поточний рік | J9: Плановий рік | L9: Плановий рік до прогнозу на поточний рік, % | N9: Плановий рік до факту минулого року, %
A10: 1 | D10: 2 | F10: 3 | H10: 4 | J10: 5 | L10: 6 | N10: 7
A11: Середня кількість працівників (штатних працівників, зовнішніх сумісників та працівників, що працюють за цивільно-правовими договорами), у тому числі: | D11: 47 | F11: 65.25 | H11: 65.25 | J11: 65.25 | L11: =J11/H11*100 -> 100 | N11: =J11/D11*100 -> 138.82979
A12: директор | D12: 1 | F12: 1 | H12: 1 | J12: 1 | L12: =J12/H12*100 -> 100 | N12: =J12/D12*100 -> 100
A13: адміністративно-управлінський персонал | D13: 10.5 | F13: 11.5 | H13: 11.5 | J13: 11.5 | L13: =J13/H13*100 -> 100 | N13: =J13/D13*100 -> 109.52381
A14: працівники | D14: 35 | F14: 52.75 | H14: 52.75 | J14: 52.75 | L14: =J14/H14*100 -> 100 | N14: =J14/D14*100 -> 150.71429
A15: Фонд оплати праці, тис. грн, у тому числі: | D15: 8648.5 | F15: 9021 | H15: 9418 | J15: 10643.244 | L15: =J15/H15*100 -> 113.0096 | N15: =J15/D15*100 -> 123.06462
A16: директор | D16: 186.972 | F16: 348 | H16: 363 | J16: 402.588 | L16: =J16/H16*100 -> 110.90579 | N16: =J16/D16*100 -> 215.31994
A17: адміністративно-управлінський персонал | D17: 740.784 | F17: 1500 | H17: 1566 | J17: 2034.36 | L17: =J17/H17*100 -> 129.90805 | N17: =J17/D17*100 -> 274.62256
A18: працівники | D18: 7720.744 | F18: 7173 | H18: 7489 | J18: 8206.296 | L18: =J18/H18*100 -> 109.57799 | N18: =J18/D18*100 -> 106.28893
A19: Витрати на оплату праці, тис. грн, у тому числі: | D19: 8648.5 | F19: 9021 | H19: 9418 | J19: 10643.244 | L19: =J19/H19*100 -> 113.0096 | N19: =J19/D19*100 -> 123.06462
A20: директор | D20: 186.972 | F20: 348 | H20: 363 | J20: 402.588 | L20: =J20/H20*100 -> 110.90579 | N20: =J20/D20*100 -> 215.31994
A21: адміністративно-управлінський персонал | D21: 740.784 | F21: 1500 | H21: 1566 | J21: 2034.36 | L21: =J21/H21*100 -> 129.90805 | N21: =J21/D21*100 -> 274.62256
A22: працівники | D22: 7720.744 | F22: 7173 | H22: 7489 | J22: 8206.296 | L22: =J22/H22*100 -> 109.57799 | N22: =J22/D22*100 -> 106.28893
A23: Середньомісячні витрати на оплату праці одного працівника (грн), усього, у тому числі: | D23: =D24+D25+D26 -> 721.044 | F23: =F24+F25+F26 -> 752.10012 | H23: =H24+H25+H26 -> 785.19886 | J23: =J24+J25+J26 -> 887.34991 | L23: =J23/H23*100 -> 113.00958 | N23: =J23/D23*100 -> 123.0646
A24: директор | D24: =630.528/12 -> 52.544 | F24: =D24*1.04307105 -> 54.807125 | H24: =F24*1.04400842 -> 57.2191 | J24: =D24*1.230646 -> 64.663063 | L24: =J24/H24*100 -> 113.00958 | N24: =J24/D24*100 -> 123.0646
A25: адміністративно-управлінський персонал | D25: 63.7 | F25: =D25*1.04307105 -> 66.443626 | H25: =F25*1.04400842 -> 69.367705 | J25: =D25*1.230646 -> 78.39215 | L25: =J25/H25*100 -> 113.00958 | N25: =J25/D25*100 -> 123.0646
A26: працівники | D26: 604.8 | F26: =D26*1.04307105 -> 630.84937 | H26: =F26*1.04400842 -> 658.61206 | J26: =D26*1.230646 -> 744.2947 | L26: =J26/H26*100 -> 113.00958 | N26: =J26/D26*100 -> 123.0646
A28: У разі збільшення витрат на оплату праці в плановому році порівняно з установленим рівнем поточного року та фактом попереднього року надаються відповідні обґрунтування.
A30: 2. Перелік підприємств, які включені до консолідованого (зведеного) фінансового плану
A32: Код за ЄДРПОУ | B32: Найменування підприємства | F32: Вид діяльності
A33: 1 | B33: 2 | F33: 3
A44: 3. Інформація про бізнес підприємства (код рядка 1000 фінансового плану)
A46: Найменування видів діяльності за КВЕД | B46: Питома вага в загальному обсязі реалізації, % | D46: Фактичний показник за 2020 минулий рік | G46: Плановий показник поточного2021 року | J46: Фактичний показник поточного року за останній звітний період на 31.12.2021р | M46: Плановий 2022 рік
B47: за минулий рік | C47: за плановий рік | D47: чистий дохід від реалізації продукції (товарів, робіт, послуг), тис. грн | E47: кількість продукції/ наданих послуг, одиниця виміру | F47: ціна одиниці (вартість продукції/ наданих послуг), грн | G47: чистий дохід від реалізації продукції (товарів, робіт, послуг), тис. грн | H47: кількість продукції/ наданих послуг, одиниця виміру | I47: ціна одиниці (вартість продукції/ наданих послуг), грн | J47: чистий дохід від реалізації продукції (товарів, робіт, послуг), тис. грн | K47: кількість продукції/ наданих послуг, одиниця виміру | L47: ціна одиниці (вартість продукції/ наданих послуг), грн | M47: чистий дохід від реалізації продукції (товарів, робіт, послуг), тис. грн | N47: кількість продукції/ наданих послуг, одиниця виміру | O47: ціна одиниці (вартість продукції/ наданих послуг), грн
A48: 1 | B48: 2 | C48: 3 | D48: 4 | E48: 5 | F48: 6 | G48: 7 | H48: 8 | I48: 9 | J48: 10 | K48: 11 | L48: 12 | M48: 13 | N48: 14 | O48: 15
A49: Надання ландшафтних послуг | B49: =D49/D52*100 -> 54.455508 | C49: =M49/M52*100 -> 51.437941 | D49: 7473.0362 | G49: =7748/1.2 -> 6456.6667 | J49: 6725 | M49: 8156
A50: Електромонтажні роботи | B50: =D50/D52*100 -> 41.667844 | C50: =M50/M52*100 -> 43.51665 | D50: 5718.16 | G50: =5076.758/1.2 -> 4230.6317 | J50: 4330 | M50: 6900
A51: Інші будівельно-монтажні роботи | B51: =D51/D52*100 -> 3.8766479 | C51: =M51/M52*100 -> 5.0454087 | D51: =532 -> 532 | G51: 2465 | J51: =2733 -> 2733 | M51: 800
A52: Усього | D52: =D49+D50+D51 -> 13723.196 | G52: =G49+G50+G51 -> 13152.298 | J52: =J49+J50+J51 -> 13788 | M52: =M49+M50+M51 -> 15856
A54: 4. Діючі фінансові зобов'язання підприємства
A56: Найменування банку | B56: Вид кредитного продукту та цільове призначення | D56: Сума, валюта за договорами | F56: Процентна ставка | H56: Дата видачі/погашення (графік) | K56: Заборгованість на останню дату | M56: Забезпечення
A57: 1 | B57: 2 | D57: 3 | F57: 4 | H57: 5 | K57: 6 | M57: 7
A61: Усього | B61: х | D61: х | F61: х | K61: =SUM(K58:K60) -> 0
A63: 5. Інформація щодо отримання та повернення залучених коштів
A65: Зобов'язання | D65: Заборгованість за кредитами на початок ______ року | G65: План із залучення коштів | J65: План з повернення коштів | M65: Заборгованість за кредитами на кінець ______ року
A66: 1 | D66: 2 | G66: 3 | J66: 4 | M66: 5
A67: Довгострокові зобов'язання, усього | M67: =D67+G67-J67 -> 0
A68: у тому числі:
A70: Короткострокові зобов'язання, усього | M70: =D70+G70-J70 -> 0
A71: у тому числі:
A73: Інші фінансові зобов'язання, усього | M73: =D73+G73-J73 -> 0
A74: у тому числі:
A76: Усього | D76: =SUM(D67,D70,D73) -> 0 | G76: =SUM(G67,G70,G73) -> 0 | J76: =SUM(J67,J70,J73) -> 0 | M76: =D76+G76-J76 -> 0

Sheet 6.2. Інша інфо_2
B2: 6. Витрати, пов'язані з використанням власних службових автомобілів (у складі адміністративних витрат, рядок 1031)
A4: № з/п | B4: Марка | C4: Рік придбання | G4: Мета використання | N4: Витрати, усього | Z4: Плановий рік до плану поточного року, % | AC4: Плановий рік до факту минулого року, %
N5: факт минулого року | R5: фінансовий план поточного року | V5: плановий рік
A6: 1 | B6: 2 | C6: 3 | G6: 4 | N6: 5 | R6: 6 | V6: 7 | Z6: 8 | AC6: 9
A7: 1 | N7: ='I. Фін результат'!C27 -> 0 | R7: ='I. Фін результат'!D27 -> 0 | V7: ='I. Фін результат'!F27 -> 0 | Z7: 0 | AC7: 0
Z8: 0 | AC8: 0
Z9: 0 | AC9: 0
Z10: 0 | AC10: 0
A11: Усього | N11: =SUM(N7:N10) -> 0 | R11: =SUM(R7:R10) -> 0 | V11: =SUM(V7:V10) -> 0 | Z11: 0 | AC11: 0
B13: 7. Витрати на оренду службових автомобілів (у складі адміністративних витрат, рядок 1032)
A15: № з/п | B15: Договір | C15: Марка | G15: Мета використання | N15: Дата початку оренди | Q15: Витрати, усього | Z15: Плановий рік до плану поточного року, % | AC15: Плановий рік до факту минулого року, %
Q16: факт минулого року | T16: фінансовий план поточного року | W16: плановий рік
A18: 1 | B18: 2 | C18: 3 | G18: 4 | N18: 5 | Q18: 6 | T18: 7 | W18: 8 | Z18: 9 | AC18: 10
A19: 1 | B19: Про оренду транспортного засобу від 22.01.2021 №8 | G19: оренда транспорту для виконання послуг по озелененні та утриманні мереж вуличного освітлення | N19: 22.01.2021 | Q19: 1 | T19: 49.9 | W19: 54 | Z19: =(W19/T19)*100 -> 108.21643 | AC19: =(W19/Q19)*100 -> 5400
A20: 2 | Q20: 0 | Z20: 0 | AC20: 0
Z21: 0 | AC21: 0
Z22: 0 | AC22: 0
A23: Усього | Q23: =SUM(Q19:Q22) -> 1 | T23: =SUM(T19:T22) -> 49.9 | W23: =SUM(W19:W22) -> 54 | Z23: =(W23/T23)*100 -> 108.21643 | AC23: =(W23/Q23)*100 -> 5400
B26: 8. Джерела капітальних інвестицій
AE27: тис. грн (без ПДВ)
A28: № з/п | B28: Найменування об’єкта | G28: Залучення кредитних коштів | L28: Бюджетне фінансування | Q28: Власні кошти (розшифрувати) | V28: Інші джерела (розшифрувати) | AA28: Усього
G29: рік | H29: у тому числі за кварталами | L29: рік | M29: у тому числі за кварталами | Q29: рік | R29: у тому числі за кварталами | V29: рік | W29: у тому числі за кварталами | AA29: рік | AB29: у тому числі за кварталами
H30: І | I30: ІІ | J30: ІІІ | K30: ІV | M30: І | N30: ІІ | O30: ІІІ | P30: ІV | R30: І | S30: ІІ | T30: ІІІ | U30: ІV | W30: І | X30: ІІ | Y30: ІІІ | Z30: ІV | AB30: І | AC30: ІІ | AD30: ІІІ | AE30: ІV
A31: 1 | B31: 2 | G31: 3 | H31: 4 | I31: 5 | J31: 6 | K31: 7 | L31: 8 | M31: 9 | N31: 10 | O31: 11 | P31: 12 | Q31: 13 | R31: 14 | S31: 15 | T31: 16 | U31: 17 | V31: 18 | W31: 19 | X31: 20 | Y31: 21 | Z31: 22 | AA31: 23 | AB31: 24 | AC31: 25 | AD31: 26 | AE31: 27
B32: придбання автомобіля | G32: =SUM(H32,I32,J32,K32) -> 0 | L32: 100 | N32: 100 | Q32: 0 | S32: 0 | V32: =SUM(W32,X32,Y32,Z32) -> 0 | AA32: =SUM(AB32,AC32,AD32,AE32) -> 100 | AB32: =SUM(H32,M32,R32,W32) -> 0 | AC32: =SUM(I32,N32,S32,X32) -> 100 | AD32: =SUM(J32,O32,T32,Y32) -> 0 | AE32: =SUM(K32,P32,U32,Z32) -> 0
G33: =SUM(H33,I33,J33,K33) -> 0 | L33: =SUM(M33,N33,O33,P33) -> 0 | Q33: =SUM(R33,S33,T33,U33) -> 0 | V33: =SUM(W33,X33,Y33,Z33) -> 0 | AA33: =SUM(AB33,AC33,AD33,AE33) -> 0 | AB33: =SUM(H33,M33,R33,W33) -> 0 | AC33: =SUM(I33,N33,S33,X33) -> 0 | AD33: =SUM(J33,O33,T33,Y33) -> 0 | AE33: =SUM(K33,P33,U33,Z33) -> 0
G34: =SUM(H34,I34,J34,K34) -> 0 | L34: =SUM(M34,N34,O34,P34) -> 0 | Q34: =SUM(R34,S34,T34,U34) -> 0 | V34: =SUM(W34,X34,Y34,Z34) -> 0 | AA34: =SUM(AB34,AC34,AD34,AE34) -> 0 | AB34: =SUM(H34,M34,R34,W34) -> 0 | AC34: =SUM(I34,N34,S34,X34) -> 0 | AD34: =SUM(J34,O34,T34,Y34) -> 0 | AE34: =SUM(K34,P34,U34,Z34) -> 0
G35: =SUM(H35,I35,J35,K35) -> 0 | L35: =SUM(M35,N35,O35,P35) -> 0 | Q35: =SUM(R35,S35,T35,U35) -> 0 | V35: =SUM(W35,X35,Y35,Z35) -> 0 | AA35: =SUM(AB35,AC35,AD35,AE35) -> 0 | AB35: =SUM(H35,M35,R35,W35) -> 0 | AC35: =SUM(I35,N35,S35,X35) -> 0 | AD35: =SUM(J35,O35,T35,Y35) -> 0 | AE35: =SUM(K35,P35,U35,Z35) -> 0
A36: Усього | G36: =SUM(G32:G35) -> 0 | H36: =SUM(H32:H35) -> 0 | I36: =SUM(I32:I35) -> 0 | J36: =SUM(J32:J35) -> 0 | K36: =SUM(K32:K35) -> 0 | L36: =SUM(L32:L35) -> 100 | M36: =SUM(M32:M35) -> 0 | N36: =SUM(N32:N35) -> 100 | ... P36: =SUM(P32:P35) -> 0 | Q36: 0 | R36: =SUM(R32:R35) -> 0 | S36: 0 | V36: =SUM(V32:V35) -> 0 | W36: =SUM(W32:W35) -> 0 | X36: =SUM(X32:X35) -> 0 | Y36: =SUM(Y32:Y35) -> 0 | Z36: =SUM(Z32:Z35) -> 0 | AA36: =SUM(AA32:AA35) -> 100 | AB36: =SUM(AB32:AB35) -> 0 | AC36: =SUM(AC32:AC35) -> 100 | ... AE36: =SUM(AE32:AE35) -> 0
A37: Відсоток | G37: =G36/AA36*100 -> 0 | L37: =L36/AA36*100 -> 100 | Q37: =Q36/AA36*100 -> 0 | V37: =V36/AA36*100 -> 0 | AA37: =SUM(G37,L37,Q37,V37) -> 100
B40: 9. Капітальне будівництво (рядок 4010 таблиці 4)
AE41: тис. грн (без ПДВ)
A42: № з/п | B42: Найменування об’єктів | C42: Рік початку і закінчення будівництва | E42: Загальна кошторисна вартість | G42: Первісна балансова вартість введених потужностей на початок планового року | I42: Незавершене будівництво на початок планового року | K42: Плановий рік | U42: Інформація щодо проектно-кошторисної документації (стан розроблення, затвердження, у разі затвердження зазначити орган, яким затверджено, та відповідний документ) | Z42: Документ, яким затверджений титул будови, із зазначенням органу, який його погодив
K43: освоєння капітальних вкладень | M43: фінансування капітальних інвестицій (оплата грошовими коштами), усього | O43: у тому числі
O44: власні кошти | Q44: кредитні кошти | S44: інші джерела (зазначити джерело)
A45: 1 | B45: 2 | C45: 3 | E45: 4 | G45: 5 | I45: 6 | K45: 7 | M45: 8 | O45: 9 | Q45: 10 | S45: 11 | U45: 12 | Z45: 13
B46: капітальний ремонт даху | C46: 2022-2022 | E46: 50 | K46: 50 | M46: 50 | S46: 50 | U46: ПКД буде виготовлена у 2022 році
M47: =SUM(O47,Q47,S47) -> 0
M48: =SUM(O48,Q48,S48) -> 0
M49: =SUM(O49,Q49,S49) -> 0
M50: =SUM(O50,Q50,S50) -> 0
M51: =SUM(O51,Q51,S51) -> 0
M52: =SUM(O52,Q52,S52) -> 0
A53: Усього | E53: =SUM(E46:E52) -> 50 | G53: =SUM(G46:G52) -> 0 | I53: =SUM(I46:I52) -> 0 | K53: =SUM(K46:K52) -> 50 | M53: =SUM(M46:M52) -> 50 | O53: =SUM(O46:O52) -> 0 | Q53: =SUM(Q46:Q52) -> 0 | S53: =SUM(S46:S52) -> 50
B57: Керівник Директор | L57: ____________________________________________ | V57: Василь МИХАЙЛИЩУК____
C58: (посада) | N58: (підпис) | V58: (ініціали, прізвище)
